Map: Acropolis LE

Players

Murena

  • Race: Terran Terran
  • Spawn Location: 5:00

ИИ 1 (эксперт) - Winner!

  • Race: Zerg Zerg
  • Spawn Location: 11:00

VOD

Have the link to the VOD?

Description

Time

  • Played on: June 15, 2019, 7:19 p.m.
  • Length: 8:16
Show
View Real Time Build Order
Export as new Build Order

Murena Terran 

Build Orders:  

Get SALT Encoding   

  12  0:01  SCV  
  13  0:13  SCV  
  14  0:18  Supply Depot  
  14  0:26  SCV  
  15  0:41  SCV, Barracks  
  16  0:54  SCV  
  17  1:06  SCV  
  18  1:16  Command Center  
  18  1:19  SCV  
  19  1:28  Marine  
  19  1:32  Refinery  
  20  1:37  Orbital Command  
  20  1:49  Marine  
  20  1:50  Supply Depot  
  21  2:04  SCV  
  21  2:07  Marine  
  21  2:08  Barracks  
  23  2:16  SCV  
  24  2:27  Marine  
  24  2:28  Barracks  
  24  2:29  SCV  
  26  2:32  Orbital Command  
  26  2:41  SCV  
  27  2:45  Marine  
  28  2:53  Bunker  
  28  2:56  SCV  
  28  2:57  Factory  
  28  2:58  Barracks Tech Lab  
  29  3:00  SCV  
  29  3:03  Barracks Tech Lab  
  30  3:10  SCV  
  31  3:13  SCV  
  31  3:16  Barracks Tech Lab  
  31  3:17  Refinery  
  34  3:20  Marauder  
  34  3:22  Marauder  
  34  3:24  SCV  
  34  3:26  SCV  
  38  3:36  Marauder  
  38  3:37  SCV  
  38  3:40  SCV, Supply Depot  
  42  3:42  Hellion  
  44  3:50  SCV  
  44  3:53  SCV  
  46  3:57  Supply Depot  
  46  4:02  Engineering Bay  
  46  4:03  SCV  
  46  4:05  Hellion  
  46  4:06  SCV  
  50  4:11  Marauder  
  50  4:12  Marauder  
  50  4:14  Factory  
  54  4:19  SCV  
  54  4:20  SCV  
  54  4:24  Supply Depot  
  56  4:25  Marine  
  56  4:27  Factory Reactor  
  56  4:31  Missile Turret  
  57  4:33  Missile Turret, SCV  
  57  4:34  Refinery  
  57  4:35  SCV  
  57  4:37  Concussive Shells  
  57  4:38  Combat Shield  
  59  4:44  Marauder  
  61  4:46  Marine  
  61  4:47  Marine  
  61  4:48  SCV  
  61  4:49  SCV  
  65  4:54  Supply Depot  
  65  5:00  Factory Tech Lab  
  65  5:02  SCV x2  
  65  5:07  Hellion  
  69  5:12  Terran Infantry Weapons Level 1, Supply Depot  
  69  5:16  Hellion  
  69  5:18  Engineering Bay, Marauder  
  69  5:19  Marauder, Marine  
  76  5:22  SCV  
  76  5:28  SCV  
  78  5:32  Supply Depot  
  80  5:36  Hellion  
  80  5:37  Siege Tank  
  80  5:38  SCV  
  80  5:42  SCV  
  85  5:43  Refinery  
  85  5:45  Terran Infantry Armor Level 1  
  85  5:47  Marine  
  86  5:53  Marine  
  86  5:56  SCV x2  
  89  5:58  Hellion  
  89  6:00  Marauder  
  93  6:06  Supply Depot  
  93  6:10  SCV  
  93  6:11  Armory, Starport  
Show
View Real Time Build Order
Export as new Build Order

ИИ 1 (эксперт) Zerg - Winner!

Build Orders: Pool First 

Get SALT Encoding   

  12  0:00  Drone  
  13  0:12  Overlord  
  13  0:16  Drone  
  14  0:31  Drone x2  
  16  0:42  Spawning Pool  
  15  0:45  Drone  
  15  0:49  Drone  
  17  1:11  Hatchery  
  17  1:13  Drone  
  17  1:17  Extractor  
  16  1:19  Drone  
  16  1:22  Drone  
  18  1:28  Drone  
  19  1:38  Overlord  
  19  1:48  Queen  
  19  1:49  Drone  
  22  2:00  Zergling x2  
  23  2:11  Drone  
  24  2:21  Drone  
  25  2:23  Queen  
  25  2:25  Roach Warren  
  25  2:26  Extractor  
  25  2:32  Drone  
  25  2:36  Drone  
  27  2:42  Overlord  
  27  2:46  Drone  
  27  2:49  Drone  
  29  2:54  Drone  
  29  2:56  Drone  
  31  2:59  Drone  
  31  3:03  Zergling x2  
  33  3:06  Zergling x2  
  33  3:10  Roach  
  36  3:16  Roach  
  36  3:18  Roach  
  40  3:26  Drone x2  
  40  3:27  Roach  
  44  3:32  Overlord  
  44  3:38  Lair  
  44  3:42  Metabolic Boost  
  44  3:50  Drone  
  44  3:51  Drone  
  44  3:53  Drone  
  44  3:55  Drone  
  48  3:58  Drone  
  48  4:00  Drone  
  48  4:02  Drone  
  51  4:06  Overlord  
  51  4:09  Drone  
  52  4:14  Evolution Chamber  
  52  4:16  Evolution Chamber  
  50  4:17  Drone  
  50  4:19  Drone  
  52  4:25  Drone x2  
  52  4:28  Drone  
  52  4:30  Drone  
  56  4:32  Drone  
  56  4:33  Drone  
  58  4:39  Infestation Pit, Drone  
  58  4:41  Zerg Missile Weapons Level 1  
  58  4:44  Zerg Ground Armor Level 1  
  58  4:47  Overlord  
  58  4:50  Overlord  
  58  4:52  Drone  
  59  4:53  Zergling x2  
  60  5:05  Extractor, Drone x2  
  60  5:06  Drone, Hydralisk Den  
  61  5:07  Drone  
  61  5:08  Drone  
  61  5:10  Drone  
  64  5:16  Infestor  
  64  5:17  Overlord  
  68  5:21  Roach  
  68  5:22  Extractor  
  68  5:23  Drone  
  68  5:26  Roach  
  68  5:27  Drone  
  71  5:32  Drone  
  71  5:33  Drone  
  71  5:34  Overlord  
  71  5:35  Roach  
  75  5:36  Roach  
  75  5:37  Hydralisk  
  75  5:38  Hydralisk  
  81  5:45  Drone, Hydralisk  
  84  5:52  Hydralisk  
  84  5:54  Overlord  
  86  6:04  Infestor  
  86  6:11  Hatchery, Drone  
  87  6:12  Ravager  
  87  6:13  Overlord  
  87  6:14  Roach  
  91  6:21  Ravager  
  91  6:23  Roach  
  94  6:27  Hydralisk  
  94  6:32  Overlord, Hydralisk  
  98  6:36  Hydralisk  
  100  6:41  Hydralisk  
  102  6:54  Spine Crawler  
  102  6:56  Baneling Nest  
  102  6:57  Overlord, Drone, Zergling x10  
  102  6:58  Zergling x2  
  102  6:59  Evolution Chamber  
  102  7:07  Drone, Zergling x2  
  86  7:08  Overseer, Zergling x2  
  86  7:09  Zergling x2, Roach  
  86  7:12  Roach x3  
  78  7:18  Hydralisk  
  78  7:20  Hydralisk  
  78  7:22  Drone  
  75  7:28  Hydralisk  
  74  7:30  Drone  
  74  7:32  Hydralisk  
  75  7:40  Drone, Zergling x4  
  75  7:41  Drone, Zergling x2  
  75  7:42  Baneling  
  75  7:44  Drone  
  72  7:45  Drone, Zergling x2  
  69  7:51  Extractor, Roach  
  69  7:52  Roach  
  69  7:54  Roach  
  68  8:02  Extractor  
Tags
 
Matchup
ЗvТ
Opening
Pool First
Spawn Locations
Cross Positions
Add a new tag
Caveats
  • Supply blocks, unpowered buildings, or Contaminate may cause inaccurate times.
  • Supply counts are checked every 10 seconds.